 Dungeon Crawl Stone Soup version 0.32-a0-411-g744942f433 (webtiles) character file.

Game seed: 14948658675075773220

5 Bravepunisher the Ducker (level 1, -2/11 HPs)
             Began as a Spriggan Monk on Feb 21, 2024.
             Splashed by a jelly's acid (11 damage)
             ... on level 6 of the Dungeon.
             The game lasted 00:03:50 (797 turns).

Bravepunisher the Ducker (Spriggan Monk)             Turns: 797, Time: 00:03:51

Health: -2/11      AC:  2    Str:  7    XL:     1   Next: 66%
Magic:  2/2        EV: 19    Int: 11    God:
Gold:   16         SH:  0    Dex: 17    Spells: 0/0 levels left

rFire   . . .        a - +0 short sword
rCold   . . .        (no shield)
rNeg    . . .        b - +0 robe
rPois   .            (helmet restricted)
rElec   .            (no cloak)
rCorr   .            (gloves unavailable)
SInv    +            (boots unavailable)
Will    .....        (no amulet)
Stlth   ++           (no ring)
HPRegen 0.21/turn    (no ring)
MPRegen 0.08/turn

%: no passive effects
@: very quick
A: very small, no large weapons, unfitting armour, see invisible, speed 3
a: no special abilities


You were on level 6 of the Dungeon.
You visited 1 branch of the dungeon, and saw 6 of its levels.

You collected 16 gold pieces.

Inventory:

Hand Weapons
 a - a +0 short sword (weapon)
Armour
 b - a +0 robe (worn)
Wands
 e - a wand of flame (26)
Scrolls
 d - a scroll of blinking {unknown}
Potions
 c - a potion of ambrosia


   Skills:
 + Level 2.5 Fighting
 - Level 3.2 Short Blades
 * Level 4.3 Dodging


You couldn't memorise any spells.
You didn't know any spells.
Your spell library was empty.

Dungeon Overview and Level Annotations

Branches:
Dungeon (6/15)
 Temple: D:4-7

Altars:
Cheibriados
Okawaru

Shops:
D:4 (

Annotations:
D:5 Edmund
D:6 Eustachio


Innate Abilities, Weirdness & Mutations

You are very small and have problems with some larger weapons.
You are too small for most types of armour.
You have supernaturally acute eyesight. (SInv)
You cover ground extremely quickly. (Speed+++)


Message History

You start resting.
HP restored.
As you open the door, it creaks loudly!
There is an open door here.
As you open the door, it creaks loudly!
There is an open door here.
You open the door.
Edmund the Younger comes into view.
He is wielding a +3 flail of protection.
Edmund shouts!
Edmund says, "A flail is better than a scythe, any day of the week!"
Found a sling and a tourmaline ring.
Unknown command.
There is an open door here.
You open the door.
Found a stone staircase leading down.
There is an open door here.
There is a stone staircase leading down here.
You climb downwards.
Level annotation: Eustachio The gnoll shouts! x3; The orc shouts!
There is a stone staircase leading up here.
The gnoll attacks as it pursues you! The gnoll completely misses you.
A bombardier beetle comes into view.
A sleepcap comes into view.
Found 10 gold pieces.
A jelly comes into view. 2 goblins and a howler monkey come into view.
Found 16 gold pieces, 2 poisoned darts and a scroll labelled COSIEPACAHA.
Found an iron altar of Okawaru.
The goblin shouts!
You hear a shout! x3
The howler monkey howls!
An orc comes into view. It is wielding a +0 flail.
The orc shouts!
The howler monkey hoots and howls with incredible vigour!
You hear an angry hiss.
You hear a shout! x4
An orc wizard comes into view. It is wielding a +0 dagger.
An orc comes into view.
It is wielding a +0 hand axe and wearing the ring of Qaqawyop {Fire +Blink}.
The jelly hits you.
You are splashed with acid!
Ouch! That really hurt!
You die...

###### ## ###...$##
#.###...#...## ...
###...........@#...#
#.....B.f....J....#
.......##......o.....#
###
......................#
#...
...###...o#...$..(oo...
.....
#..##.....#≈≈.≈≈#......
.....
.........#g≈.≈g#...l..
...l.#
..#....o.#≈≈.≈≈#......
#.. #...g..#..ß..# ..
#..


You could see a sleepcap, an iguana, a jelly, an orc wizard, 3 orcs and 2
goblins.

Vanquished Creatures
  A bat (D:3)
  A quokka (D:5)
  A frilled lizard (D:3)
3 creatures vanquished.

Notes
Turn   | Place    | Note
-------+----------+-------------------------------------------
     0 | D:1      | Bravepunisher the Spriggan Monk began the quest for the
                  | Orb.
     0 | D:1      | Reached XP level 1. HP: 11/11 MP: 2/2
   301 | D:4      | Found Gis Hue's Antique Weapon Boutique.
   367 | D:5      | Entered Level 5 of the Dungeon
   390 | D:4      | Noticed a sleepcap
   525 | D:4      | Noticed a scorpion
   605 | D:5      | Noticed a hound
   650 | D:5      | Noticed an iguana
   728 | D:6      | Noticed a howler monkey
   728 | D:6      | Noticed an electric eel
   729 | D:6      | Noticed an iguana
   733 | D:6      | Noticed Eustachio
   735 | D:6      | Noticed a jelly
   742 | D:5      | Found a snail-covered altar of Cheibriados.
   773 | D:5      | Noticed Edmund
   788 | D:6      | Noticed a bombardier beetle
   789 | D:6      | Noticed a sleepcap
   791 | D:6      | Noticed a jelly
   792 | D:6      | Found an iron altar of Okawaru.
   792 | D:6      | Noticed a howler monkey
   795 | D:6      | Noticed an orc wizard
   796 | D:6      | Identified the ring of Qaqawyop {Fire +Blink}
   797 | D:6      | Splashed by a jelly's acid

Illustrated notes

Levels and vault maps discovered:
D:1:      wander_arrival_lonely_grave, layout_loops_ring,
          shapermc_ecumenical_altar_venn, minmay_misc_feat_diagonals
D:2:      layout_loops_ring, serial_shops, shop, nicolae_twisty_statue_hallways,
          uniq_jessica
D:3:      layout_basic, serial_shops, nicolae_shop_just_a_little_nook,
          minmay_starry_boxes
D:4:      layout_gridville, serial_shops, shop
D:5:      minmay_inner_zag, layout_gridville, nicolae_sif_muna_condensation,
          overflow_temple_1_default, uniq_grinder, uniq_edmund, uniq_duvessa
D:6:      layout_cave_pools, grunt_temple_overflow_lords_of_destruction,
          led_xom_imps, kennysheep_okawaru_gauntlet, serial_bayou_lake_a,
          uniq_eustachio

Action                     || total
---------------------------++-------
  Melee: Short sword       ||    25
   Stab: Sleeping          ||     1
 Armour: Robe              ||    18
  Dodge: Dodged            ||    40

Table legend: (Time is in decaauts)
 A = Elapsed time spent in this place.
 B = Non-inter-level travel time spent in this place.
 C = Inter-level travel time spent in this place.
 D = Time resting spent in this place.
 E = Time spent auto-exploring this place.
 F = Levels seen in this place.
 G = Mean time per level.
                   A        B        C        D        E       F      G
               +--------+--------+--------+--------+--------+-----+--------+
         Total |    531 |    531 |      0 |     22 |    138 |   6 |   88.5 |
       Dungeon |    531 |    531 |      0 |     22 |    138 |   6 |   88.5 |
               +--------+--------+--------+--------+--------+-----+--------+

Top non-repeatable levels by time:
     D:4: 195 daAuts
     D:5: 155 daAuts
     D:3: 88 daAuts
     D:1: 68 daAuts
     D:6: 16 daAuts
     D:2: 6 daAuts
